Map: Bridgehead LE (Void)

Players

MyLittlePony

  • Race: Protoss Protoss
  • League: Bronze

SticklerMac - Winner!

  • Race: Zerg Zerg
  • League: Bronze

VOD

Have the link to the VOD?

Description

Time

  • Played on: July 18, 2015, 11:07 p.m.
  • Length: 8:36
Show
View Real Time Build Order
Export as new Build Order

MyLittlePony Protoss 

Build Orders:  

Get SALT Encoding   

  12  0:03  Probe  
  13  0:15  Probe  
  14  0:24  Pylon  
  14  0:42  Probe (Chrono Boost)  
  15  0:48  Gateway  
  15  0:52  Probe (Chrono Boost), Assimilator  
  16  0:59  Probe  
  17  1:11  Probe  
  17  1:13  Pylon  
  18  1:23  Probe (Chrono Boost)  
  19  1:35  Probe (Chrono Boost)  
  20  1:42  Probe (Chrono Boost)  
  20  1:46  Cybernetics Core  
  21  1:48  Gateway  
  21  1:52  Probe  
  22  2:04  Probe  
  23  2:13  Assimilator  
  23  2:15  Zealot (Chrono Boost)  
  25  2:20  Pylon  
  25  2:23  Warp Gate (Chrono Boost)  
  25  2:25  Mothership Core  
  27  2:35  Zealot (Chrono Boost)  
  29  2:39  Gateway  
  29  2:43  Pylon  
  29  2:45  Pylon  
  29  2:46  Pylon  
  31  2:56  Stalker (Chrono Boost)  
  31  3:02  Zealot (Chrono Boost)  
  33  3:08  Probe (Chrono Boost)  
  34  3:19  Probe (Chrono Boost), Forge  
  35  3:26  Probe (Chrono Boost)  
  36  3:30  Stalker  
  36  3:31  Stalker  
  40  3:35  Sentry  
  40  3:37  Probe  
  43  3:57  Protoss Ground Weapons Level 1 (Chrono Boost)  
  43  4:06  Photon Cannon  
  43  4:07  Photon Cannon  
  43  4:11  Photon Cannon  
  43  4:24  Pylon  
  43  4:38  Gateway  
  43  4:43  Zealot x2  
  43  4:44  Stalker  
  49  5:04  Zealot  
  49  5:05  Zealot  
  53  5:10  Stalker  
  54  5:23  Robotics Facility  
  54  5:34  Sentry x2  
  58  5:36  Sentry  
  58  5:38  Sentry  
  62  6:06  Zealot x3  
  62  6:07  Zealot  
  66  6:35  Zealot x4  
  36  6:53  Stalker, Zealot x2  
  34  6:56  Zealot  
  36  7:12  Zealot x2  
  36  7:14  Zealot  
  26  7:39  Zealot x2  
  26  7:41  Zealot  
  26  7:42  Zealot  
  23  8:01  Zealot  
  23  8:02  Zealot  
  23  8:03  Zealot  
Show
View Real Time Build Order
Export as new Build Order

SticklerMac Zerg - Winner!

Build Orders: 3 Hatch before Pool 

Get SALT Encoding   

  12  0:01  Drone  
  13  0:31  Hatchery  
  12  0:56  Hatchery  
  11  1:02  Drone  
  12  1:06  Drone  
  13  1:12  Drone  
  14  1:28  Spawning Pool  
  13  1:35  Overlord  
  13  1:43  Overlord  
  13  1:46  Drone  
  14  1:50  Drone  
  15  1:54  Drone  
  15  2:01  Drone  
  17  2:02  Drone  
  17  2:06  Drone  
  19  2:10  Drone  
  20  2:16  Drone  
  20  2:19  Drone  
  22  2:25  Queen  
  24  2:32  Queen  
  26  2:39  Queen  
  26  2:43  Extractor  
  27  2:45  Drone  
  27  2:46  Drone  
  27  2:48  Drone  
  31  2:51  Drone  
  31  2:53  Drone  
  31  2:55  Drone  
  33  2:58  Drone  
  33  3:00  Drone  
  35  3:09  Drone x3  
  35  3:10  Drone  
  35  3:12  Drone  
  40  3:14  Drone  
  41  3:23  Drone  
  42  3:37  Overlord  
  42  3:38  Overlord x5  
  42  3:42  Overlord  
  42  4:01  Zergling x10  
  47  4:03  Drone  
  47  4:08  Zergling x4  
  50  4:12  Queen  
  50  4:14  Queen  
  50  4:16  Queen  
  50  4:17  Zergling x6  
  59  4:25  Zergling x2  
  59  4:28  Metabolic Boost  
  59  4:29  Zergling x2  
  59  4:30  Zergling x2  
  62  4:35  Zergling x4  
  62  4:36  Zergling x6  
  67  4:43  Zergling x2  
  67  4:44  Zergling x16  
  76  4:48  Zergling x2  
  77  5:06  Zergling x2  
  81  5:07  Zergling x8  
  81  5:11  Drone, Zergling x2  
  81  5:13  Evolution Chamber  
  81  5:14  Evolution Chamber  
  82  5:28  Zergling x16  
  90  5:30  Overlord x3  
  90  5:49  Zergling x4  
  92  5:50  Zergling x14  
  92  5:51  Zergling x14  
  92  5:54  Zerg Melee Weapons Level 1  
  106  5:59  Zerg Ground Armor Level 1  
  106  6:00  Zergling x2  
  106  6:01  Zergling x2  
  108  6:11  Zergling x6  
  111  6:16  Zergling x4  
  113  6:24  Zergling x2  
  113  6:25  Zergling x10  
  112  6:26  Zergling x6  
  112  6:27  Zergling x2  
  112  6:32  Zergling x6  
  101  6:33  Zergling x2  
  101  6:35  Zergling x2  
  101  6:39  Zergling x2  
  84  6:47  Zergling x4  
  84  6:53  Zergling x2  
  81  6:57  Zergling x2  
  81  6:58  Zergling x2  
  83  7:05  Zergling x6  
  86  7:12  Zergling x2  
  82  7:20  Zergling x8  
  82  7:21  Zergling x4  
  79  7:30  Zergling x14  
  79  7:35  Zergling x2  
  82  7:39  Zergling x2  
  82  7:40  Zergling x2  
  82  7:41  Zergling x6  
  82  7:45  Zergling x2  
  82  7:48  Zergling x2  
  78  7:53  Zergling x4  
  79  8:02  Zergling x10  
  79  8:03  Zergling x8  
  86  8:10  Zergling x2  
  82  8:13  Zergling x2  
  82  8:17  Zergling x2  
Tags
 
Add a new tag
Caveats
  • Supply blocks, unpowered buildings, or Contaminate may cause inaccurate times.
  • Supply counts are checked every 10 seconds.